 Dungeon Crawl Stone Soup version 0.24.0-123-gd5b16e6ec5 (webtiles) character file.

Game seed: 16797869246098144059, levelgen mode: deterministic

53 Descartes the Shield-Bearer (level 3, -4/20 HPs)
             Began as a Vine Stalker Fighter on Jan 25, 2020.
             Killed by divine providence
             ... invoked by an orc priest
              (8 damage)
             ... on level 2 of the Dungeon.
             The game lasted 00:02:26 (947 turns).

Descartes the Shield-Bearer (Vine Stalker Fighter)   Turns: 947, Time: 00:02:27

Health: -4/20      AC:  8    Str: 18    XL:     3   Next: 87%
Magic:  0/4        EV:  7    Int:  9    God:
Gold:   72         SH:  9    Dex: 18    Spells: 2/2 levels left

rFire    . . .     SeeInvis .     - Unarmed
rCold    . . .     Gourm    .   b - +0 shield
rNeg     . . .     Faith    .   a - +0 scale mail
rPois    .         Spirit   +   (no helmet)
rElec    .         Reflect  .   l - +0 cloak
rCorr    .         Harm     .   (no gloves)
MR       .....                  u - +0 pair of boots
Stlth    +.........             (no amulet)
HPRegen  0.06/turn              m - +5 ring of dexterity
MPRegen  0.09/turn              (no ring)

@: no status effects
A: fangs 2, magic shield, antimagic bite, no potion heal 3, rot immunity
a: no special abilities


You were on level 2 of the Dungeon.
You were not hungry.

You visited 1 branch of the dungeon, and saw 2 of its levels.

You collected 72 gold pieces.

Inventory:

Hand Weapons
 q - a +0 hunting sling
 r - a cursed -3 morningstar
Missiles
 f - 30 stones (quivered)
 o - 21 bolts
Armour
 a - a +0 scale mail (worn)
 b - a +0 shield (worn)
 l - a +0 cloak (worn)
 u - a +0 pair of boots (worn)
Jewellery
 m - a +5 ring of dexterity (left hand)
Wands
 n - a wand of random effects (16)
Scrolls
 h - a scroll of identify {unknown}
 j - a scroll of amnesia {unknown}
 k - a scroll of remove curse {unknown}
 s - a scroll of immolation {unknown}
Potions
 c - a potion of might
 e - a potion of heal wounds {unknown}
 g - 3 potions of degeneration {unknown}
 i - 3 potions of curing {unknown}
 p - a potion of flight {unknown}
 t - a potion of invisibility {unknown}
Comestibles
 d - 3 rations


   Skills:
 + Level 3.0 Fighting
 + Level 2.7 Armour
 + Level 1.7 Stealth
 * Level 3.3 Shields
 - Level 2.0 Unarmed Combat
 + Level 0.1 Evocations


You had 2 spell levels left.
You didn't know any spells.
Your spell library was empty.

Dungeon Overview and Level Annotations

Branches:
Dungeon (2/15)

Altars:
Dithmenos


Innate Abilities, Weirdness & Mutations

You have extremely sharp teeth.
When hurt, damage is shared between your health and your magic reserves.
Your bite disrupts and absorbs the magic of your enemies.
Potions cannot restore your health.
You are immune to rotting.


Message History

You hit something but do no damage. Something hits you but does no damage.
You bump into the rock wall.
You hear some strange, mumbled words.
Something tries to affect you, but you resist.
You bump into the rock wall.
You feel less confused.
The orc priest invokes the aid of Beogh against you.
Beogh smites you!
Ouch! That really hurt!
* * * LOW HITPOINT WARNING * * *
Something hits you but does no damage.
You miss something. Your bite misses something.
The orc priest looks encouraged for a moment.
Something hits you but does no damage.
You closely miss something.
Something hits you but does no damage. x2
You closely miss something. You bite something. You drain its magic.
You feel invigorated. Something hits you but does no damage.
The orc priest mumbles some strange prayers to Beogh against you.
Beogh smites you!
You die...

......≈≈≈≈≈≈≈≈≈≈≈.......#
#.#
....#.≈≈≈≈≈≈≈≈≈..#......#
#.#
........≈≈≈≈≈...##......#
.#
.........o.!...###......#
.......'..w...## #......#
##.#...######w# #####+##
#... #o# ..... #{# ###.##
#@# #. #.# #. #.# #.# #.#
#.# ... ...


You could see a worm and an orc priest.

Vanquished Creatures
  Jessica (D:2)
  An ooze (D:1)
  A leopard gecko (D:1)
  2 orcs (D:2)
  A ball python (D:2)
  3 bats
  2 goblins
  2 hobgoblins (D:1)
  3 kobolds
  2 frilled lizards
  3 rats (D:1)
21 creatures vanquished.

Notes
Turn   | Place    | Note
-------+----------+-------------------------------------------
     0 | D:1      | Descartes the Vine Stalker Fighter began the quest for the
                  | Orb.
     0 | D:1      | Reached XP level 1. HP: 11/11 MP: 2/2
   278 | D:1      | Reached XP level 2. HP: 13/16 MP: 1/3
   324 | D:1      | Reached skill level 1 in Stealth
   749 | D:2      | Noticed Jessica
   758 | D:2      | Killed Jessica
   758 | D:2      | Reached XP level 3. HP: 20/20 MP: 4/4
   902 | D:2      | Found a shadowy altar of Dithmenos.
   947 | D:2      | Killed from afar by an orc priest

Levels and vault maps discovered:
D:1:      dpeg_chamrin_arrival_tetris, layout_rooms, hangedman_decor_points
D:2:      minmay_door_path, layout_basic, wad_floor_pattern_1,
          corexii_item_surrounded_by_moat, lemuel_altar_in_water, uniq_jessica

Skill      XL: |  1  2 |
---------------+-------+-----
Shields        | 3 |  3.3
Stealth        | 1 |  1.7
Fighting       | 3 |  3.0
Armour         | |  2.7
Unarmed Combat | |  2.0
Evocations     | |  0.1

Action                   || total
-------------------------++-------
Melee: Unarmed           ||    75
       Bite              ||    14
Armor: Scale mail        ||    34
Dodge: Dodged            ||    19
Block: Shield            ||    35
